AoeStats
← OS+ | VoNDutcH

Fortress

510216218Analyzed
4v4 RM · 3d ago on Sep 30, 2026· 87m 23s· 8 players
Game mode
Random Map
Map size
Huge
Population
200
Speed
Normal
Resources
Standard
Victory
Conquest
Starting age
Dark Age
Ending age
Imperial Age
RankedLock teamsTeams togetherTeam positionsShared explorationLock speedFull tech treeHidden civsTurbo modeCheats
Victory
Defeat
🇩🇪 Poles · Germany
2122
+8
🇩🇪 Hindustanis · Germany
2105
+9
🇩🇪 Khitans · Germany
2098
+9
🇩🇪 Teutons · Germany
1909
+15
🇩🇪 Bohemians · Germany
1971
-12
🇮🇹 Chinese · Italy
1954
-11
🇩🇪 Georgians · Germany
1904
-9
🇮🇹 Spanish · Italy
1882
-9
RoR | Smokealot
7:33 Feudal Age
11:29 Castle Age
9:18 Double-Bit Axe
9:33 Horse Collar
13:15 Wheelbarrow
12:56 Bow Saw
16:16 Loom
20:44 Town Watch
22:10 Hand Cart
25:32 Imperial Age
23:41 Scale Mail Armor
23:51 Forging
23:51 Caravan
24:38 Chain Mail Armor
24:24 Gold Mining
24:25 Stone Mining
24:03 Pikeman
25:44 Squires
25:29 Arson
27:05 Conscription
26:54 Svan Towers
27:26 Iron Casting
27:21 Plate Mail Armor
27:38 Guilds
27:18 Halberdier
29:51 Blast Furnace
28:42 Fletching
28:52 Padded Archer Armor
29:07 Heavy Plow
29:56 Onager
31:42 Heavy Scorpion
32:49 Bodkin Arrow
33:09 Leather Archer Armor
33:33 Leather Archer Armor
33:54 Bracer
35:41 Chemistry
35:01 Ballistics
36:44 Siege Onager
38:38 Guard Tower
44:08 Crop Rotation
44:20 Keep
43:31 Arrowslits
46:53 Siege Engineers
50:44 Fortified Wall
50:14 Treadmill Crane
53:07 Masonry
52:57 Murder Holes
53:10 Scale Barding Armor
56:03 Capped Ram
57:39 Architecture
58:22 Siege Ram
59:54 Coinage
61:33 Banking
65:04 Chain Barding Armor
67:22 Elite Monaspa
68:10 Aznauri Cavalry
68:42 Plate Barding Armor
OS | 展毅
0:28 Loom
8:31 Feudal Age
9:13 Double-Bit Axe
12:08 Castle Age
9:50 Horse Collar
13:42 Bow Saw
18:09 Heavy Plow
18:19 Town Watch
19:40 Wheelbarrow
20:37 Gold Mining
21:11 Stone Mining
21:20 Fletching
25:02 Imperial Age
22:56 Bodkin Arrow
24:21 Stone Shaft Mining
24:22 Gold Shaft Mining
23:49 Padded Archer Armor
24:28 Thumb Ring
25:46 Bracer
25:55 Scale Barding Armor
26:15 Ballistics
26:55 Chemistry
26:36 Bloodlines
26:27 Husbandry
25:48 Light Cavalry
27:04 Hand Cart
27:56 Leather Archer Armor
28:31 Scale Barding Armor
29:17 Ring Archer Armor
30:37 Elite Chu Ko Nu
33:58 Chain Barding Armor
35:05 Conscription
35:27 Plate Barding Armor
35:03 Forging
39:29 Caravan
43:31 Iron Casting
45:39 Coinage
46:10 Two-Man Saw
45:31 Masonry
48:20 Banking
54:14 Blast Furnace
54:38 Architecture
53:47 Heavy Rocket Cart
59:24 Cavalier
66:06 Rocketry
69:18 Capped Ram
74:01 Fortified Wall
73:43 Guard Tower
73:39 Arrowslits
76:11 Siege Ram
76:32 Heavy Scorpion
OS+ | VoNDutcH
8:05 Feudal Age
9:15 Double-Bit Axe
11:57 Castle Age
13:19 Bow Saw
12:50 Horse Collar
21:19 Padded Archer Armor
22:22 Bloodlines
23:08 Husbandry
25:00 Leather Archer Armor
31:03 Wheelbarrow
31:28 Heavy Plow
32:54 Town Watch
36:01 Imperial Age
33:58 Scale Mail Armor
34:25 Stone Mining
34:25 Gold Mining
34:33 Gold Mining
36:41 Hand Cart
36:36 Elite Conquistador
38:32 Ring Archer Armor
38:33 Town Watch
38:25 Sappers
40:30 Conscription
40:04 Fletching
41:06 Caravan
46:55 Coinage
50:27 Shipwright
51:09 Chemistry
50:29 Ballistics
50:05 Bodkin Arrow
50:50 Banking
55:11 Capped Ram
56:39 Scale Barding Armor
56:44 Forging
56:16 Siege Ram
58:03 Chain Barding Armor
57:06 Light Cavalry
59:12 Iron Casting
58:04 Hussar
67:35 Bracer
68:13 Plate Barding Armor
68:38 Blast Furnace
74:33 Cavalier
75:45 Paladin
Yuki
8:06 Feudal Age
9:09 Double-Bit Axe
11:59 Castle Age
10:22 Horse Collar
16:28 Imperial Age
17:55 Block Printing
21:49 Fervor
23:37 Sanctity
24:09 Wheelbarrow
24:07 Heavy Plow
28:24 Theocracy
29:55 Loom
32:18 Pikeman
33:16 Scale Mail Armor
33:49 Fortified Wall
33:17 Halberdier
34:53 Chain Mail Armor
36:44 Plate Mail Armor
36:16 Squires
37:48 Forging
39:45 Iron Casting
40:00 Conscription
40:37 Caravan
41:59 Blast Furnace
49:50 Heavy Scorpion
52:50 Conscription
53:00 Guilds
53:01 Guilds
54:34 Chemistry
54:42 Coinage
54:51 Siege Engineers
55:20 Town Watch
55:54 Hand Cart
56:11 Banking
57:29 Houfnice
60:30 Wagenburg Tactics
63:25 Redemption
64:20 Fletching
66:36 Illumination
66:14 Devotion
72:54 Onager
77:40 Bodkin Arrow
78:10 Murder Holes
79:42 Sappers
NOC | Mr.Dobbsn
7:11 Feudal Age
10:45 Castle Age
9:05 Horse Collar
9:46 Double-Bit Axe
11:45 Bow Saw
16:50 Wheelbarrow
16:26 Heavy Plow
19:00 Hand Cart
19:35 Loom
20:09 Gold Mining
21:30 Gold Shaft Mining
21:31 Husbandry
21:44 Bloodlines
21:56 Devotion
25:24 Imperial Age
22:37 Light Cavalry
23:48 Scale Barding Armor
26:33 Chain Barding Armor
25:49 Heavy Camel Rider
27:09 Forging
28:21 Plate Barding Armor
29:36 Imperial Camel Rider
31:06 Coinage
31:26 Iron Casting
31:27 Grand Trunk Road
31:48 Caravan
32:21 Banking
33:30 Blast Furnace
34:01 Conscription
34:18 Fletching
35:50 Bodkin Arrow
38:53 Chemistry
45:57 Padded Archer Armor
46:53 Leather Archer Armor
51:34 Ring Archer Armor
56:16 Shatagni
57:52 Bracer
60:53 Fortified Wall
62:59 Siege Elephant
64:12 Siege Engineers
64:03 Guard Tower
66:35 Ballistics
68:17 Masonry
69:11 Murder Holes
73:41 Two-Man Saw
77:05 Town Watch
NOC | Madtomski
7:09 Feudal Age
10:42 Castle Age
9:10 Double-Bit Axe
9:06 Domestication
11:36 Bow Saw
11:18 Gold Mining
15:45 Scale Mail Armor
17:21 Chain Mail Armor
18:05 Forging
18:54 Squires
20:47 Loom
22:20 Wheelbarrow
23:35 Wheelbarrow
28:28 Hand Cart
27:58 Town Watch
30:52 Stone Mining
34:26 Imperial Age
32:18 Fletching
32:41 Padded Archer Armor
32:55 Bodkin Arrow
34:37 Pastoralism
34:11 Heavy Cavalry Archer
35:19 Bracer
35:26 Thumb Ring
36:19 Leather Archer Armor
36:35 Parthian Tactics
37:32 Chemistry
37:35 Ring Archer Armor
37:33 Ballistics
37:29 Caravan
39:18 Guilds
39:38 Coinage
39:46 Husbandry
39:58 Ordo Cavalry
40:18 Conscription
41:17 Scale Barding Armor
42:30 Plate Mail Armor
42:22 Chain Barding Armor
42:38 Iron Casting
42:12 Lamellar Armor
41:55 Elite Skirmisher
43:41 Banking
42:58 Light Cavalry
44:22 Plate Barding Armor
45:03 Masonry
44:34 Treadmill Crane
45:05 Fortified Wall
44:45 Guard Tower
44:21 Hussar
46:35 Siege Engineers
53:15 Capped Ram
54:25 Siege Ram
54:31 Siege Ram
56:21 Guard Tower
56:29 Murder Holes
56:18 Heavy Rocket Cart
63:34 Elite Liao Dao
64:45 Plate Mail Armor
67:36 Devotion
71:02 Heresy
71:02 Faith
78:36 Arson
81:14 Two-Man Saw
80:46 Transhumance
LM | MaisterNippon
7:22 Feudal Age
8:53 Loom
11:24 Castle Age
9:56 Horse Collar
10:04 Double-Bit Axe
12:11 Heavy Plow
12:23 Bow Saw
16:40 Wheelbarrow
16:59 Gold Mining
22:37 Imperial Age
20:34 Scale Mail Armor
20:39 Loom
20:49 Pikeman
21:29 Squires
21:45 Chain Mail Armor
22:37 Onager
25:43 Plate Mail Armor
28:07 Siege Engineers
30:27 Halberdier
33:08 Siege Onager
38:37 Two-Man Saw
38:50 Ironclad
38:39 Caravan
41:14 Hand Cart
41:33 Coinage
43:13 Forging
48:43 Conscription
52:35 Crenellations
56:24 Fletching
56:34 Padded Archer Armor
57:27 Town Watch
57:40 Bodkin Arrow
58:49 Chemistry
58:01 Fortified Wall
58:03 Masonry
58:14 Ballistics
63:28 Iron Casting
63:09 Leather Archer Armor
66:18 Blast Furnace
65:34 Arson
70:21 Hoardings
69:51 Guard Tower
69:46 Arrowslits
70:28 Bombard Tower
79:33 Guilds
79:53 Banking
NOC | Running
7:23 Feudal Age
8:06 Horse Collar
11:12 Castle Age
9:03 Double-Bit Axe
11:58 Heavy Plow
12:08 Bow Saw
16:20 Gold Mining
21:14 Imperial Age
19:53 Wheelbarrow
19:49 Fletching
20:25 Bodkin Arrow
21:33 Ballistics
22:05 Bloodlines
23:01 Chemistry
22:17 Bracer
22:53 Husbandry
23:32 Padded Archer Armor
24:36 Heavy Mounted Crossbowman
26:40 Leather Archer Armor
27:14 Thumb Ring
27:34 Conscription
28:28 Hand Cart
27:59 Loom
36:11 Caravan
41:02 Siege Engineers
55:53 Fortified Wall
55:24 Treadmill Crane
56:14 Cavalier
57:01 Szlachta Privileges
57:43 Scale Mail Armor
57:55 Forging
57:51 Scale Barding Armor
59:38 Iron Casting
65:48 Hoardings
66:16 Crop Rotation
72:05 Coinage
73:49 Masonry
74:14 Banking
Connection lost

Rejoining the realm…

Still unreachable

The connection could not be restored.

Session expired

The server has moved on; the page needs a fresh start.